[Event "Titled Tuesday Blitz September 28 2021"]
[White "Aldokhin, Ivan"]
[Black "Bazarov, Konstantin"]
[WhiteFideId "24115720"]
[BlackFideId "4137000"]
[WhiteElo "2265"]
[BlackElo "2035"]
[Result "0-1"]
[Round "08"]
[TimeControl "180+1"]
[Date "2021.09.28"]
[WhiteClock "0:00:10"]
[BlackClock "0:00:06"]

1. e4 d5 2. exd5 Qxd5 3. Nc3 Qd6 4. d4 Nf6 5. Nf3 a6 6. g3 Bg4 7. Bg2 Nc6 8. Bf4 Qe6+ 9. Ne2 O-O-O 10. O-O h6 11. c4 Qxc4 12. Rc1 Qxa2 13. Rxc6 bxc6 14. Ne5 Qxb2 15. Nxg4 Nxg4 16. Qd3 Qb5 17. Qf3 Nf6 18. Rc1 Nd5 19. Nc3 Qb3 20. Qd3 Nb4 21. Qf5+ e6 22. Qxf7 Bd6 23. Ne4 Bxf4 24. Qxf4 Rxd4 25. Qe5 Rhd8 26. Nc5 Rd1+ 27. Rxd1 Rxd1+ 28. Bf1 Qc4 29. Qxe6+ Qxe6 30. Nxe6 a5 31. Nc5 Nd5 32. Kg2 Nc3 33. Ba6+ Kb8 34. Bc4 a4 35. Kf3 Rd4 36. Bg8 Rd2 37. Ke3 Rd1 38. Na6+ Kb7 39. Nb4 c5 40. Nd3 Kb6 41. Nb2 Rb1 42. Nc4+ Kb5 43. Na3+ Kb4 44. Nxb1 Nxb1 45. Kd3 c4+ 46. Bxc4 Nc3 47. Bg8 a3 48. Kc2 c5 49. f4 c4 50. f5 Ne4 51. Kb1 Nf6 52. Ka2 Nxg8 53. g4 Nf6 54. h4 Ne4 55. h5 Nf6 56. g5 hxg5 57. Ka1 Nxh5 58. Ka2 Ng3 59. Ka1 Nxf5 60. Ka2 Nd4 61. Ka1 g4 62. Ka2 g3 63. Ka1 g2 64. Ka2 Nb3 65. Kb1 g1=Q+ 66. Kc2 Qf2+ 0-1


[Site "https://www.chess.com"]

[Event "Titled Tuesday Blitz September 28 2021"]
[White "Andreikin, Dmitry"]
[Black "Nakamura, Hikaru"]
[WhiteFideId "4158814"]
[BlackFideId "2016192"]
[WhiteElo "2736"]
[BlackElo "2884"]
[Result "0-1"]
[Round "08"]
[TimeControl "180+1"]
[Date "2021.09.28"]
[WhiteClock "0:00:01"]
[BlackClock "0:00:15"]

1. d4 Nf6 2. c4 e6 3. Nf3 d5 4. Nc3 Be7 5. Bf4 O-O 6. e3 Nbd7 7. c5 c6 8. h3 b6 9. b4 h6 10. Bd3 a5 11. a3 Bb7 12. O-O Qc8 13. Rc1 axb4 14. axb4 Ba6 15. b5 Bb7 16. cxb6 Nxb6 17. bxc6 Bxc6 18. Ne5 Qb7 19. Nxc6 Qxc6 20. Ne4 Qa4 21. Nxf6+ Bxf6 22. Qg4 Qa3 23. Bb1 Rfc8 24. Rcd1 Kf8 25. Qg3 Rc6 26. Bd3 Nc4 27. Be2 g5 28. Be5 Nxe5 29. dxe5 Bg7 30. f4 Qc3 31. Bh5 Rc7 32. fxg5 Qxe5 33. Qf3 Ra3 34. Bxf7 Rxe3 35. Qh5 Ke7 36. Bg8 Qxg5 37. Qf7+ Kd6 38. Qe8 Re2 39. Rf2 Rxf2 40. Kxf2 Rc2+ 41. Ke1 Qe3+ 42. Kf1 Qf2# 0-1


[Site "https://www.chess.com"]

[Event "Titled Tuesday Blitz September 28 2021"]
[White "Aradhya, Garg"]
[Black "Przybylski, Wojciech"]
[WhiteFideId "25006746"]
[BlackFideId "1117599"]
[WhiteElo "2146"]
[BlackElo "2285"]
[Result "0-1"]
[Round "08"]
[TimeControl "180+1"]
[Date "2021.09.28"]
[WhiteClock "0:00:11"]
[BlackClock "0:00:03"]

1. d4 Nf6 2. c4 e6 3. Bf4 Bb4+ 4. Nd2 O-O 5. Nf3 d5 6. e3 c5 7. dxc5 Ne4 8. Rc1 Nc6 9. cxd5 Qxd5 10. Bc4 Qd7 11. a3 Bxd2+ 12. Nxd2 Nxc5 13. Nb3 Qxd1+ 14. Rxd1 Nxb3 15. Bxb3 e5 16. Bg3 Be6 17. Bxe6 fxe6 18. Rd6 Rfe8 19. Ke2 Kf7 20. Rc1 Rad8 21. Rxd8 Rxd8 22. f3 a6 23. Rc4 Rd5 24. h4 h5 25. Be1 Ke7 26. Bc3 Kd6 27. g4 g6 28. g5 Rc5 29. Re4 Rd5 30. f4 exf4 31. Rxf4 Rf5 32. Ra4 e5 33. Be1 Rf7 34. Rc4 Kd5 35. Rc1 Ke6 36. Bg3 Rd7 37. Rf1 Rf7 38. Rxf7 Kxf7 39. Kd3 Ke6 40. Ke4 Kd6 41. Be1 b5 42. b3 Ke6 43. a4 Ne7 44. Bc3 Nf5 45. Bxe5 Nxh4 46. Bh2 Nf5 47. Kd3 h4 48. e4 Nd6 49. Kd4 Nf7 50. Bf4 h3 51. axb5 axb5 52. Ke3 Nxg5 53. b4 Nf7 54. Kf3 Ne5+ 55. Kg3 Nd3 56. Bd2 Ke5 57. Kxh3 Kxe4 58. Kg4 Ne5+ 59. Kg3 Kd3 60. Be1 Kc4 61. Bd2 Nd3 62. Kg4 Nxb4 63. Kg5 Nd5 64. Kxg6 Nc3 65. Kf5 b4 66. Kf4 Kd3 67. Be1 b3 0-1


[Site "https://www.chess.com"]

[Event "Titled Tuesday Blitz September 28 2021"]
[White "Assaubayeva, Bibisara"]
[Black "Salinas Herrera, Pablo"]
[WhiteFideId "13708694"]
[BlackFideId "3407128"]
[WhiteElo "2232"]
[BlackElo "2541"]
[Result "1-0"]
[Round "08"]
[TimeControl "180+1"]
[Date "2021.09.28"]
[WhiteClock "0:01:41"]
[BlackClock "0:00:13"]

1. d4 d5 2. c4 c6 3. Nf3 Nf6 4. e3 e6 5. Bd3 Nbd7 6. O-O Be7 7. Nbd2 O-O 8. e4 dxe4 9. Nxe4 c5 10. dxc5 Nxc5 11. Nxc5 Bxc5 12. Bg5 Qc7 13. Bxf6 gxf6 14. Qd2 Qe7 15. Qh6 f5 16. Rfe1 f6 17. Bxf5 Bxf2+ 18. Kxf2 Qc5+ 19. Re3 Qxf5 20. Kg1 e5 21. Nxe5 fxe5 22. Rg3+ Kf7 23. Rf1 Qxf1+ 24. Kxf1 Bf5 25. Rg7+ Ke8 26. Qd6 Bg6+ 27. Ke1 Bf7 28. Qxe5+ Kd7 29. Qd5+ Ke7 30. Qxb7+ Kf6 31. Rxf7+ 1-0


[Site "https://www.chess.com"]

[Event "Titled Tuesday Blitz September 28 2021"]
[White "Avramidou, Anastasia"]
[Black "Krysa, Leandro"]
[WhiteFideId "4239873"]
[BlackFideId "116807"]
[WhiteElo "2183"]
[BlackElo "2490"]
[Result "1-0"]
[Round "08"]
[TimeControl "180+1"]
[Date "2021.09.28"]
[WhiteClock "0:00:05"]
[BlackClock "0:00:01"]

1. d4 Nf6 2. c4 e6 3. Nc3 Bb4 4. Qc2 d6 5. Nf3 O-O 6. g3 b6 7. Bg2 Bb7 8. O-O Nbd7 9. Bd2 a5 10. b3 Qe7 11. a3 Bxc3 12. Bxc3 c5 13. Rad1 Rfc8 14. Qb2 Be4 15. Rfe1 Rab8 16. h3 h6 17. dxc5 Rxc5 18. Bd4 Rc6 19. Qd2 e5 20. Bb2 Nc5 21. b4 axb4 22. axb4 Na4 23. Rc1 Rbc8 24. Ba3 Rxc4 25. Rxc4 Rxc4 26. b5 Nc5 27. Rd1 d5 28. Qb2 d4 29. Rc1 Rxc1+ 30. Qxc1 Nd5 31. Bxc5 bxc5 32. Qa3 Nc3 33. b6 Nxe2+ 34. Kf1 Nc3 35. Qa7 Qe6 36. Nd2 Bxg2+ 37. Kxg2 Qc6+ 38. Kh2 Qb5 39. Qa8+ 1-0


[Site "https://www.chess.com"]

[Event "Titled Tuesday Blitz September 28 2021"]
[White "Babazada, Khazar"]
[Black "Le, Tuan Minh"]
[WhiteFideId "13413554"]
[BlackFideId "12401153"]
[WhiteElo "2315"]
[BlackElo "2450"]
[Result "0-1"]
[Round "08"]
[TimeControl "180+1"]
[Date "2021.09.28"]
[WhiteClock "0:00:03"]
[BlackClock "0:00:09"]

1. Nf3 d5 2. g3 Nf6 3. Bg2 Bg4 4. b3 c6 5. Bb2 Nbd7 6. O-O e6 7. d3 Bd6 8. Nbd2 O-O 9. e4 e5 10. h3 Bh5 11. Qe1 Re8 12. Nh4 Qc7 13. Nf5 Bc5 14. Kh2 Bg6 15. Nh4 Rad8 16. a3 Nf8 17. Nxg6 hxg6 18. Nf3 Bd6 19. Qe3 Ne6 20. b4 d4 21. Qd2 c5 22. Rfc1 Bf8 23. c4 Qb6 24. b5 Qc7 25. a4 Bd6 26. a5 Nd7 27. h4 f5 28. Bh3 Rf8 29. exf5 gxf5 30. Ng5 Rde8 31. Re1 e4 32. dxe4 Nxg5 33. Qxg5 Ne5 34. Kg2 f4 35. Bf5 f3+ 36. Kh2 Qf7 37. Bc1 Be7 38. Qf4 Nd3 39. Qg4 Nxf2 40. Qxf3 g6 41. Bh6 gxf5 42. Qxf2 fxe4 43. Qg2 e3 44. Rf1 Qe6 45. Bxf8 Bxf8 46. Ra3 Bd6 47. Qxb7 Re7 48. Qa8+ Kh7 49. Qf3 Rg7 50. Rg1 Qe5 51. b6 a6 52. b7 Bb8 53. Rb3 e2 54. Re1 Re7 55. Kg2 Kg7 56. Rb2 d3 57. Qxd3 Qxb2 58. Qd5 Qxb7 59. Qxb7 Rxb7 60. Rxe2 Rb3 61. Re6 Rxg3+ 62. Kf2 Rc3 63. Rxa6 Bg3+ 64. Kg2 Bxh4 65. Rc6 Rxc4 66. a6 Ra4 67. Rxc5 Rxa6 68. Kh3 Be7 69. Rc4 Bf6 70. Kg4 Kg6 71. Kf4 Re6 72. Re4 Rc6 73. Ke3 Rc3+ 74. Kd2 Ra3 75. Rg4+ Kf5 76. Rc4 Be5 77. Kc2 Ke6 78. Kd2 Kd5 79. Rc2 Ke4 80. Ke2 Rh3 81. Kd2 Bd4 82. Rc4 Rh2+ 83. Kc1 Kd3 0-1


[Site "https://www.chess.com"]

[Event "Titled Tuesday Blitz September 28 2021"]
[White "Bach, Ngoc Thuy Duong"]
[Black "Noboa Silva, Kevin"]
[WhiteFideId "12408956"]
[BlackFideId "3618471"]
[WhiteElo "1896"]
[BlackElo "2161"]
[Result "0-1"]
[Round "08"]
[TimeControl "180+1"]
[Date "2021.09.28"]
[WhiteClock "0:00:01"]
[BlackClock "0:00:07"]

1. d4 Nf6 2. c4 e6 3. Nc3 Bb4 4. Qc2 d6 5. Nf3 O-O 6. e4 e5 7. d5 h6 8. Bd3 a5 9. Be3 Nbd7 10. a3 Bc5 11. O-O Re8 12. Bd2 Nh5 13. Ne2 a4 14. Nc3 Nb6 15. Be2 Qf6 16. Ne1 Nf4 17. Be3 Qg6 18. Bxf4 exf4 19. Nb5 Re7 20. Bf3 c6 21. dxc6 bxc6 22. e5 Bf5 23. Qc3 dxe5 24. Rd1 e4 25. Bh5 Qxh5 26. Nd6 Rd8 27. Nxf5 Qxf5 28. Rxd8+ Kh7 29. Nc2 f3 30. Ne3 Qg5 31. g3 Qh5 32. h4 Qg6 33. Rfd1 Qe6 34. Kh2 Nd7 35. R8xd7 Rxd7 36. Rxd7 Qxd7 37. Qe5 Bxe3 38. Qxe4+ Kg8 39. Qxe3 Qf5 40. Qf4 Qd3 0-1


[Site "https://www.chess.com"]

[Event "Titled Tuesday Blitz September 28 2021"]
[White "Begmuratov, Khumoyun"]
[Black "Hansen, Eric"]
[WhiteFideId "14210207"]
[BlackFideId "2606771"]
[WhiteElo "1948"]
[BlackElo "2568"]
[Result "0-1"]
[Round "08"]
[TimeControl "180+1"]
[Date "2021.09.28"]
[WhiteClock "0:00:05"]
[BlackClock "0:00:11"]

1. Nf3 Nf6 2. g3 g6 3. Bg2 Bg7 4. O-O O-O 5. c4 d6 6. Nc3 e5 7. d4 exd4 8. Nxd4 Re8 9. b3 c6 10. Bb2 Na6 11. Qd2 Nc5 12. Rad1 Qb6 13. Qc2 a5 14. a3 Nfd7 15. e3 Ne5 16. h3 f5 17. Rd2 Bd7 18. Rfd1 Rad8 19. Nde2 Nf7 20. Nd4 Ne5 21. Nde2 Qxb3 22. Qxb3 Nxb3 23. Rxd6 Bf8 24. c5 Bxd6 25. cxd6 Nc4 26. Na4 b5 27. Nec3 bxa4 28. Nxa4 Nxb2 29. Nxb2 Nc5 30. Nc4 a4 31. Nb6 Ne4 32. f3 Nf6 33. e4 fxe4 34. fxe4 Nxe4 35. Rd4 Nc3 36. Rd3 Nd5 37. Bxd5+ cxd5 38. Nxd5 Kg7 39. Nc7 Re5 40. Rd2 Bc6 41. Kf2 g5 42. g4 Rd7 43. Kg3 Re3+ 44. Kf2 Re5 45. Rd3 Kg6 46. Kg3 h5 47. gxh5+ Kxh5 48. Rd4 Re3+ 49. Kf2 Rf3+ 50. Ke2 Rf6 51. Ne8 Re6+ 52. Kd3 Rxe8 53. Kc4 Re5 54. Rd3 Bb5+ 55. Kd4 Bxd3 56. Kxe5 Bb5 57. Ke6 Kh4 0-1


[Site "https://www.chess.com"]

[Event "Titled Tuesday Blitz September 28 2021"]
[White "Bologan, Victor"]
[Black "Drozdowski, Kacper"]
[WhiteFideId "13900048"]
[BlackFideId "1136720"]
[WhiteElo "2511"]
[BlackElo "2507"]
[Result "1-0"]
[Round "08"]
[TimeControl "180+1"]
[Date "2021.09.28"]
[WhiteClock "0:00:13"]
[BlackClock "0:00:20"]

1. e4 c5 2. Nf3 e6 3. d3 Nc6 4. g3 d5 5. Qe2 Nf6 6. Bg2 Be7 7. O-O O-O 8. e5 Nd7 9. c4 dxc4 10. dxc4 Nd4 11. Nxd4 cxd4 12. h4 Qa5 13. Bf4 Rd8 14. Nd2 d3 15. Qe4 Qb6 16. Rab1 Nc5 17. Qe3 Na4 18. Qxb6 axb6 19. Rfc1 Bb4 20. a3 Be7 21. b4 h6 22. Be3 f5 23. h5 Kf7 24. f4 Rb8 25. Bf3 Bd7 26. Bd1 Ra8 27. Kf2 Bc6 28. Bf3 Rd7 29. Rb3 b5 30. c5 Rad8 31. Rd1 g5 32. hxg6+ Kxg6 33. Rh1 Bxf3 34. Kxf3 h5 35. Bf2 Rc8 36. Rd1 Rc6 37. Nb1 b6 38. cxb6 Nxb6 39. Bxb6 Rxb6 40. Rbxd3 Rxd3+ 41. Rxd3 Kf7 42. Rd7 Ke8 43. Ra7 Rc6 44. Ke2 h4 45. gxh4 Bxh4 46. Kd3 Bg3 47. Nc3 Bxf4 48. Nxb5 Bxe5 49. a4 Rc1 50. a5 Rb1 51. Rb7 Kd8 52. a6 Rxb4 53. a7 Ra4 54. Rb8+ Kd7 55. a8=Q Rxa8 56. Rxa8 Bg3 57. Nd4 Bf2 58. Ra7+ Kd6 59. Ra6+ Kd5 60. Nxe6 Bg1 61. Nf4+ Ke5 62. Ng6+ Kd5 63. Ra5+ Ke6 64. Nh4 f4 65. Nf3 Be3 66. Ke4 Kd6 67. Ne5 Ke6 68. Ra6+ Ke7 69. Ng6+ Kd7 70. Nxf4 Bc1 71. Nd5 1-0


[Site "https://www.chess.com"]

[Event "Titled Tuesday Blitz September 28 2021"]
[White "Borsuk, Konstantin"]
[Black "Vogel, Roven"]
[WhiteFideId "14113406"]
[BlackFideId "12908088"]
[WhiteElo "2414"]
[BlackElo "2516"]
[Result "1-0"]
[Round "08"]
[TimeControl "180+1"]
[Date "2021.09.28"]
[WhiteClock "0:00:42"]
[BlackClock "0:01:10"]

1. d4 Nf6 2. c4 e6 3. Nc3 d5 4. cxd5 exd5 5. Bg5 c6 6. e3 Be7 7. Bd3 h6 8. Bh4 Ne4 9. Bxe7 Qxe7 10. Bxe4 dxe4 11. Qc2 f5 12. Nge2 O-O 13. h4 Be6 14. h5 Nd7 15. Nf4 Bf7 16. Nce2 Nf6 17. Ng3 Qd7 18. Qc5 Bd5 19. Ng6 Rfe8 20. Ne5 Qe6 21. Ne2 Nd7 22. Nxd7 Qxd7 23. Nf4 b6 24. Qc3 Bf7 25. a4 Rac8 26. b4 Qe7 27. a5 c5 28. dxc5 bxc5 29. b5 c4 30. O-O Qe5 31. Qb4 c3 32. b6 Rc4 33. Qb3 Rc5 34. Qa3 axb6 35. axb6 c2 36. Rfc1 Rb8 37. Qa7 Rc6 38. b7 Qc7 39. Qxb8+ 1-0


[Site "https://www.chess.com"]

[Event "Titled Tuesday Blitz September 28 2021"]
[White "Brunner, Nicolas"]
[Black "Jobava, Baadur"]
[WhiteFideId "620246"]
[BlackFideId "13601520"]
[WhiteElo "2372"]
[BlackElo "2731"]
[Result "0-1"]
[Round "08"]
[TimeControl "180+1"]
[Date "2021.09.28"]
[WhiteClock "0:00:02"]
[BlackClock "0:00:22"]

1. d4 Nf6 2. c4 e5 3. dxe5 Ng4 4. Bf4 g5 5. Bd2 Bg7 6. e3 Nxe5 7. Bc3 d6 8. Be2 O-O 9. Nf3 Nbc6 10. O-O Be6 11. b3 f5 12. Nxe5 dxe5 13. Nd2 Qe7 14. Qc2 Rad8 15. Rad1 e4 16. Qb2 Rd7 17. Nb1 Rfd8 18. Rxd7 Rxd7 19. Rd1 Rxd1+ 20. Bxd1 Qd6 21. Be2 Ne5 22. Nd2 c5 23. Nf1 b6 24. Ng3 h6 25. Nh5 Bh8 26. h4 gxh4 27. Nf4 Bf7 28. Qa1 Bf6 29. Bh5 Bxh5 30. Nxh5 Nf3+ 31. gxf3 Bxc3 32. Qxc3 Qg6+ 33. Kh2 Qxh5 34. fxe4 Qf3 35. Qd2 fxe4 36. Qd8+ Kg7 37. Qxh4 Kg6 38. Kg1 Qd1+ 39. Kg2 Qf3+ 40. Kg1 h5 41. Qe7 Kf5 42. Qf7+ Kg4 43. Qxa7 Qd1+ 44. Kg2 Qf3+ 45. Kg1 Qf5 46. Qg7+ Kf3 47. Qg3+ Ke2 48. a3 Qf6 49. Kg2 h4 50. Qh3 Qg5+ 51. Kh2 Kxf2 52. b4 Qg3+ 0-1


[Site "https://www.chess.com"]

[Event "Titled Tuesday Blitz September 28 2021"]
[White "Costachi, Mihnea"]
[Black "Kovalev, Vladislav"]
[WhiteFideId "1217518"]
[BlackFideId "13504398"]
[WhiteElo "2482"]
[BlackElo "2573"]
[Result "0-1"]
[Round "08"]
[TimeControl "180+1"]
[Date "2021.09.28"]
[WhiteClock "0:00:51"]
[BlackClock "0:00:30"]

1. d4 Nf6 2. c4 g6 3. Nc3 Bg7 4. e4 d6 5. Be2 O-O 6. Bg5 c5 7. d5 b5 8. cxb5 a6 9. a4 Qa5 10. Bd2 axb5 11. Nxb5 Qb6 12. f3 Na6 13. Bc4 Nd7 14. Rb1 Ne5 15. b3 Nxc4 16. bxc4 Nb4 17. Qb3 Qa5 18. Ne2 Qxa4 19. Bxb4 Qxb3 20. Rxb3 Ra1+ 21. Kf2 Rxh1 22. Be1 Bd7 23. Ng3 Bxb5 24. cxb5 Bd4+ 25. Ke2 Rg1 26. b6 Rxg2+ 27. Kd3 Rb8 28. b7 Rb2 29. Rxb2 Bxb2 30. Ne2 Rxb7 31. Kc2 Bf6 32. f4 Rb2+ 33. Kd3 c4+ 34. Ke3 Rb3+ 35. Kd2 Rd3+ 36. Kc2 Re3 37. Kd1 Rxe4 38. Bc3 Rxe2 39. Bxf6 Re4 40. Bxe7 Rxe7 0-1


[Site "https://www.chess.com"]

[Event "Titled Tuesday Blitz September 28 2021"]
[White "Cunha, Lucas Aguiar"]
[Black "Gontcharov, Vladislav"]
[WhiteFideId "2125404"]
[BlackFideId "4123492"]
[WhiteElo "2361"]
[BlackElo "2503"]
[Result "1-0"]
[Round "08"]
[TimeControl "180+1"]
[Date "2021.09.28"]
[WhiteClock "0:00:44"]
[BlackClock "0:00:51"]

1. e4 e6 2. d4 d5 3. Nd2 Be7 4. Ngf3 Nf6 5. e5 Nfd7 6. Bd3 c5 7. c3 Nc6 8. O-O g5 9. dxc5 g4 10. Nd4 Ncxe5 11. Bb5 Bxc5 12. N2b3 Bxd4 13. cxd4 Ng6 14. Qxg4 a6 15. Bd3 Qh4 16. Qf3 Qf6 17. Qg3 Qh4 18. Qc7 Qd8 19. Qc2 b6 20. Qc6 Ra7 21. Qc2 Bb7 22. Be3 Ra8 23. Rac1 Rc8 24. Qe2 Rxc1 25. Rxc1 Nb8 26. Qh5 O-O 27. Bg5 Qd6 28. g3 f5 29. Re1 Nd7 30. Qe2 Re8 31. Bxf5 Ndf8 32. Bd3 e5 33. Bxa6 Bxa6 34. Qxa6 Qb4 35. Bd2 Qd6 36. Qb5 h5 37. Qxe8 1-0


[Site "https://www.chess.com"]

[Event "Titled Tuesday Blitz September 28 2021"]
[White "Damjanovic, Vladimir"]
[Black "Langrock, Hannes"]
[WhiteFideId "903795"]
[BlackFideId "4655290"]
[WhiteElo "2374"]
[BlackElo "2325"]
[Result "1-0"]
[Round "08"]
[TimeControl "180+1"]
[Date "2021.09.28"]
[WhiteClock "0:00:27"]
[BlackClock "0:00:02"]

1. Nf3 f5 2. e4 fxe4 3. Ng5 Nc6 4. d3 e3 5. Bxe3 e5 6. Nc3 Nf6 7. d4 exd4 8. Bxd4 Bb4 9. a3 Nxd4 10. Qxd4 Qe7+ 11. Kd2 Bxc3+ 12. bxc3 c5 13. Qd3 O-O 14. Re1 Qd8 15. Qd6 b5 16. Bxb5 Bb7 17. Bc4+ Kh8 18. Nf7+ Rxf7 19. Bxf7 Ne4+ 20. Rxe4 Bxe4 21. Re1 Qg5+ 22. f4 Qxg2+ 23. Re2 Qf3 24. Qe5 Rf8 25. Qxe4 Qxe4 26. Rxe4 d5 27. Re8 Rxe8 28. Bxe8 g6 29. Bc6 d4 30. cxd4 cxd4 31. Kd3 1-0


[Site "https://www.chess.com"]

[Event "Titled Tuesday Blitz September 28 2021"]
[White "Demin, Vladimir"]
[Black "Erdogdu, Mert"]
[WhiteFideId "4167457"]
[BlackFideId "6301495"]
[WhiteElo "2525"]
[BlackElo "2485"]
[Result "1-0"]
[Round "08"]
[TimeControl "180+1"]
[Date "2021.09.28"]
[WhiteClock "0:00:13"]
[BlackClock "0:00:02"]

1. e4 c5 2. Nf3 d6 3. d4 cxd4 4. Qxd4 Nc6 5. Bb5 Bd7 6. Bxc6 Bxc6 7. Nc3 Nf6 8. Bg5 e6 9. O-O-O Be7 10. Qd3 Qa5 11. Kb1 O-O 12. h4 h6 13. Bc1 Rfc8 14. Nd4 a6 15. f4 b5 16. e5 dxe5 17. fxe5 Ne8 18. Nxc6 Rxc6 19. g4 Rac8 20. g5 b4 21. Ne4 Qxe5 22. gxh6 Rxc2 23. Ng5 Bxg5 24. hxg5 g6 25. Rhf1 Nd6 26. h7+ Kh8 27. Rfe1 Qf5 28. Qd4+ e5 29. Qxe5+ Qxe5 30. Rxe5 Nf5 31. Re4 a5 32. Bf4 Kxh7 33. Be5 f6 34. Bxf6 Kg8 35. Rh1 R2c4 36. Rxc4 Rxc4 37. Rh8+ Kf7 38. Ra8 Rc5 39. b3 Ke6 40. Ra6+ Kd5 41. Bb2 Nh4 42. a3 bxa3 43. Bxa3 Rb5 44. Ka2 Ke4 45. Be7 Nf5 46. Bd8 Nd4 47. Rxg6 Nxb3 48. Ra6 1-0


[Site "https://www.chess.com"]

[Event "Titled Tuesday Blitz September 28 2021"]
[White "Wagner, Dinara"]
[Black "Reprintsev, Alexander"]
[WhiteFideId "24157570"]
[BlackFideId "14100541"]
[WhiteElo "2260"]
[BlackElo "2126"]
[Result "0-1"]
[Round "08"]
[TimeControl "180+1"]
[Date "2021.09.28"]
[WhiteClock "0:00:55"]
[BlackClock "0:00:06"]

1. d4 d5 2. c4 e5 3. dxe5 d4 4. Nf3 Nc6 5. g3 Nge7 6. Bg2 Ng6 7. O-O Ngxe5 8. Nbd2 Nxf3+ 9. Nxf3 Be7 10. b3 O-O 11. Bb2 Bf6 12. Qd2 Qd6 13. Rad1 Rd8 14. a3 a5 15. Qc2 g6 16. Qc1 Bf5 17. e3 d3 18. Bxf6 Qxf6 19. Nh4 Bg4 20. Rd2 Ne5 21. f4 Nc6 22. h3 Be2 23. Re1 Rd6 24. e4 Qd4+ 25. Kh2 Qc5 26. e5 Rdd8 27. Nf3 Nd4 28. Nxd4 Rxd4 29. Qc3 Rad8 30. a4 c6 31. Rc1 h5 32. h4 Kh7 33. Bh3 Qe7 34. Bg2 Qc5 35. Re1 b6 36. Rg1 R8d7 37. Rc1 Rd8 38. Bh3 Qe7 39. Qb2 c5 40. Re1 f6 41. exf6 Qxf6 42. Qc1 Kg7 43. Rg1 R4d6 44. Qe1 Re8 45. Qf2 Rdd8 46. Re1 Qd4 47. Kg1 Qc3 48. Rdd1 Bxd1 49. Rxd1 d2 50. f5 Re1+ 51. Kh2 Rxd1 52. fxg6 Qf6 53. Qe2 Re1 54. Qg2 d1=Q 55. Qb7+ Kxg6 56. Bg2 Qdd4 57. Kh3 Qf5+ 58. Kh2 Qg1# 0-1


[Site "https://www.chess.com"]

[Event "Titled Tuesday Blitz September 28 2021"]
[White "Dzhaparov, Medet"]
[Black "Golubev, Mikhail"]
[WhiteFideId "13803689"]
[BlackFideId "14100983"]
[WhiteElo "1702"]
[BlackElo "2374"]
[Result "0-1"]
[Round "08"]
[TimeControl "180+1"]
[Date "2021.09.28"]
[WhiteClock "0:00:01"]
[BlackClock "0:00:03"]

1. d4 Nf6 2. c4 g6 3. Nf3 Bg7 4. g3 O-O 5. Bg2 d6 6. O-O Nbd7 7. Nc3 e5 8. e4 Re8 9. Re1 exd4 10. Nxd4 c6 11. h3 Qb6 12. Nb3 Ne5 13. Be3 Qb4 14. Bf1 Nxc4 15. a3 Nxe3 16. axb4 Nxd1 17. Raxd1 Be6 18. Na5 Rab8 19. Rxd6 Bf8 20. Rd4 c5 21. bxc5 Bxc5 22. Rd2 Bb4 23. Nc4 Bxc4 24. Bxc4 Rec8 25. Ba2 Rxc3 26. bxc3 Bxc3 27. Red1 Bxd2 28. Rxd2 Re8 29. f3 Re7 30. Kf2 Kg7 31. Rc2 b6 32. Rc8 h5 33. Ke3 Nh7 34. f4 Nf8 35. Bd5 Ne6 36. Ra8 Nc5 37. Kd4 Kf6 38. e5+ Kg7 39. g4 hxg4 40. hxg4 Ne6+ 41. Ke4 Nc7 42. Rd8 Nxd5 43. Kxd5 Rc7 44. Kd6 Rc4 45. f5 gxf5 46. gxf5 b5 47. e6 fxe6 48. fxe6 Rd4+ 49. Kc7 Re4 50. Kd7 Kf6 51. Rf8+ Kg7 52. Rf7+ Kg6 53. Rf1 b4 54. e7 a5 55. e8=Q+ Rxe8 56. Kxe8 b3 57. Rf3 a4 58. Rf4 b2 59. Rxa4 b1=Q 60. Ra6+ Kg7 61. Ra7+ Kg8 62. Re7 Qb8+ 63. Kd7 Qb5+ 64. Kd6 Kf8 65. Re5 Qb6+ 66. Kd5 Kf7 67. Ke4 Kf6 68. Rf5+ Kg6 69. Re5 Qc6+ 70. Kf4 Qd6 71. Ke4 Kf6 72. Rf5+ Ke6 73. Rf3 Qb4+ 74. Ke3 Ke5 75. Rf2 Qc3+ 76. Ke2 Ke4 77. Kf1 Qh3+ 78. Kg1 Ke3 79. Rg2 Qh4 80. Rh2 Qe1+ 81. Kg2 Qf2+ 82. Kh3 Qf3+ 83. Kh4 Kf4 84. Rg2 Qxg2 0-1


[Site "https://www.chess.com"]

[Event "Titled Tuesday Blitz September 28 2021"]
[White "Ekdyshman, Mikhail"]
[Black "Janaszak, Dawid"]
[WhiteFideId "4149416"]
[BlackFideId "1119206"]
[WhiteElo "2256"]
[BlackElo "2283"]
[Result "1-0"]
[Round "08"]
[TimeControl "180+1"]
[Date "2021.09.28"]
[WhiteClock "0:01:18"]
[BlackClock "0:00:37"]

1. d4 Nf6 2. c4 c5 3. d5 b5 4. cxb5 a6 5. e3 e6 6. Nc3 Bb7 7. e4 Bd6 8. Nf3 Qc7 9. b6 Qxb6 10. e5 Nxd5 11. exd6 Qxd6 12. Bc4 O-O 13. O-O Nc6 14. Nxd5 exd5 15. Qxd5 Qc7 16. Qxc5 d6 17. Qh5 g6 18. Qh6 d5 19. Bxd5 Rfd8 20. Bf4 Qe7 21. Ng5 Qf6 22. Bxf7+ 1-0


[Site "https://www.chess.com"]

[Event "Titled Tuesday Blitz September 28 2021"]
[White "Fier, Alexandr"]
[Black "Sadhwani, Raunak"]
[WhiteFideId "2107139"]
[BlackFideId "35093487"]
[WhiteElo "2569"]
[BlackElo "2517"]
[Result "1-0"]
[Round "08"]
[TimeControl "180+1"]
[Date "2021.09.28"]
[WhiteClock "0:01:17"]
[BlackClock "0:00:10"]

1. d4 Nf6 2. c4 e6 3. Nc3 Bb4 4. e3 O-O 5. Ne2 c6 6. a3 Ba5 7. Qc2 d5 8. Ng3 Re8 9. Be2 Bc7 10. O-O Nbd7 11. Rd1 a5 12. b3 dxc4 13. bxc4 e5 14. d5 cxd5 15. cxd5 Bd6 16. Nb5 Nc5 17. a4 b6 18. Ba3 Bb7 19. Nf5 Bf8 20. d6 Be4 21. Ne7+ Bxe7 22. dxe7 Qxe7 23. Qb2 Red8 24. Nc3 Qe6 25. Nxe4 Ncxe4 26. Rab1 Rxd1+ 27. Rxd1 h5 28. h3 Rc8 29. Ba6 Rc7 30. Rd8+ Kh7 31. Bd3 Rd7 32. Rxd7 Qxd7 33. Qb1 Qxa4 34. Be7 g6 35. f3 Nc3 36. Qxb6 Qd1+ 37. Kh2 Ncd5 38. Qa6 Ng8 39. Bd6 Nb4 40. Bxg6+ fxg6 41. Qb7+ Kh6 42. Bxe5 Qd5 43. Qg7+ Kg5 44. e4 Qe6 45. f4+ 1-0


[Site "https://www.chess.com"]

[Event "Titled Tuesday Blitz September 28 2021"]
[White "Garrido Outon, Alex"]
[Black "De Silva, L M S T"]
[WhiteFideId "24516279"]
[BlackFideId "9953698"]
[WhiteElo "2131"]
[BlackElo "1621"]
[Result "1-0"]
[Round "08"]
[TimeControl "180+1"]
[Date "2021.09.28"]
[WhiteClock "0:00:34"]
[BlackClock "0:00:09"]

1. e4 e5 2. Nf3 Nc6 3. Nc3 Nf6 4. d4 exd4 5. Nxd4 Bb4 6. Nxc6 bxc6 7. Bd3 d5 8. exd5 O-O 9. O-O cxd5 10. h3 h6 11. Qf3 c6 12. Bf4 Bd6 13. Rad1 Be6 14. b3 Bxf4 15. Qxf4 c5 16. Ne4 dxe4 17. Bxe4 Qb8 18. Qf3 Nxe4 19. Qxe4 Qc7 20. c4 Rad8 21. Rde1 Rd4 22. Qc2 Rfd8 23. Re3 Rd2 24. Qc3 Qd6 25. Rg3 Qd4 26. Qa5 Rd7 27. Qa6 Bf5 28. Qxh6 Bg6 29. Qg5 Rxa2 30. h4 Ra1 31. Rxa1 Qxa1+ 32. Kh2 Rd1 33. Re3 Rh1+ 34. Kg3 Rb1 35. h5 Bc2 36. Qd8+ Kh7 37. Re8 g6 38. hxg6+ Bxg6 39. Qh4+ Bh5 40. Qxh5+ Kg7 41. Qh8+ Kg6 42. Rg8+ Kf5 43. Qh5+ Ke4 44. Qf3+ Ke5 45. Re8+ Kd4 46. Qe3# 1-0


[Site "https://www.chess.com"]

[Event "Titled Tuesday Blitz September 28 2021"]
[White "Garv Gaur"]
[Black "Ladan, Nicholas"]
[WhiteFideId "45030839"]
[BlackFideId "30918855"]
[WhiteElo "1950"]
[BlackElo "2353"]
[Result "1-0"]
[Round "08"]
[TimeControl "180+1"]
[Date "2021.09.28"]
[WhiteClock "0:02:17"]
[BlackClock "0:01:45"]

1. d4 d5 2. Nf3 Nf6 3. c4 c6 4. g3 Bg4 5. Ne5 Bh5 6. Nc3 e6 7. Qb3 Qb6 8. c5 Qxb3 9. axb3 Nbd7 10. Bf4 a6 11. b4 Rc8 12. Bg2 h6 13. h4 Nxe5 14. Bxe5 Nd7 15. Bf4 f6 16. Bh3 Kf7 17. e4 g5 18. exd5 Bf3 19. dxe6+ Ke7 20. exd7 Rd8 21. Bd6+ Kf7 22. Bc7 Rxd7 23. Bxd7 Bxh1 24. O-O-O Bf3 25. Re1 1-0


[Site "https://www.chess.com"]